 Dungeon Crawl Stone Soup version 0.24-a0-230-g536ed4e33c (webtiles) character file.

Game seed: 2751154032987563483

69 Redear the Skirmisher (level 4, -3/63 HPs)
             Began as a Naga Skald on Apr 3, 2019.
             Killed by divine providence
             ... invoked by an orc priest
              (12 damage)
             ... on level 3 of the Dungeon.
             The game lasted 00:05:28 (1436 turns).

Redear the Skirmisher (Naga Skald)                  Turns: 1436, Time: 00:05:29

Health: -3/63      AC: 22    Str: 13    XL:     4   Next: 20%
Magic:  4/7        EV:  1    Int: 15    God:
Gold:   62         SH:  0    Dex: 10    Spells: 6/7 levels left

rFire    . . .     SeeInvis +   a - +0 hand axe
rCold    . . .     Gourm    .   (no shield)
rNeg     + + +     Faith    .   (armour currently unavailable)
rPois    +         Spirit   .   (helmet currently unavailable)
rElec    .         Reflect  .   (cloak currently unavailable)
rCorr    .         Harm     .   (gloves currently unavailable)
MR       .....     NoTele   +   (no barding)
Stlth    +.........             (no amulet)
HPRegen  0.20/turn              (no ring)
MPRegen  0.10/turn              (no ring)

@: tree-form
A: large, see invisible, slow metabolism 1, spit poison 1, AC +1
a: Spit Poison


You were on level 3 of the Dungeon.
You were not hungry.
You were a tree.
You visited 1 branch of the dungeon, and saw 3 of its levels.

You collected 62 gold pieces.

Inventory:

Hand Weapons
 a - a +0 hand axe (weapon)
Missiles
 Q - 9 stones (quivered)
Armour
 b - a +0 leather armour (melded)
 i - a +0 pair of gloves
Jewellery
 f - a cursed ring of attention {unknown}
Scrolls
 c - a scroll of immolation {unknown}
 g - a scroll of teleportation {unknown}
 k - a scroll of identify {unknown}
Comestibles
 d - 4 rations


   Skills:
 + Level 3.3 Fighting
 + Level 3.3 Axes
 - Level 0.7 Armour
 - Level 1.5 Dodging
 - Level 2.0 Spellcasting
 - Level 3.0 Charms


You had 6 spell levels left.
You knew the following spells:

 Your Spells              Type           Power        Failure   Level  Hunger
z - Infusion              Chrm           ##..         6%          1    #......

Your spell library contained the following spells:

 Spells                   Type           Power        Failure   Level  Hunger
 Song of Slaying          Chrm           ##......     10%         2    ###....
 Shroud of Golubria       Chrm/Tloc      #.........   19%         2    ###....
 Regeneration             Chrm/Necr      #.........   34%         3    ###....
 Spectral Weapon          Hex/Chrm       #.......     34%         3    ###....


Dungeon Overview and Level Annotations

Branches:
Dungeon (3/15)

Altars:
Fedhas
Uskayaw


Innate Abilities, Weirdness & Mutations

You cannot wear boots.
((Your serpentine skin is tough. (AC +1)))
You have supernaturally acute eyesight. (SInv)
((Armour fits poorly on your strangely shaped body.))
((Your system is resistant to poisons. (rPois)))
((You cover ground very slowly.))
You have a slow metabolism.
You can spit poison.


Message History

You take 11 damage, and have 20/63 hp.
Unknown command.
You hit the orc.
You are no longer magically infusing your attacks.
The orc hits you but does no damage.
You barely miss the orc. The orc hits you but does no damage.
The orc priest mumbles some strange prayers to Beogh against you.
Beogh smites you!
* * * LOW HITPOINT WARNING * * *
You take 11 damage, and have 9/63 hp.
Unknown command.
You slash the orc!
You kill the orc!
You hit the orc priest but do no damage.
The orc priest hits you but does no damage.
Unknown command.
You barely miss the orc priest.
The orc priest mumbles some strange prayers to Beogh against you.
Beogh smites you!
You die...

#....# .##
###.## ..>.
##.#######..###
#..............
#..###..#.....#
#.............#
#.####..#.....#
#.####o........
#..♣ooo##......
######## #.###
#


You could see 2 orc priests, an orc wizard (invisible) and an orc.

Levels and vault maps discovered:
D:1:      onia_arrival_handbag, layout_basic, minivault_23
D:2:      layout_basic, eat_drink_and_be_merry_uskayaw, fedhas_altar_3
D:3:      layout_loops_corners, cheibriados_altar_1, lemuel_doored_altar

Notes
Turn   | Place    | Note
-------+----------+-------------------------------------------
     0 | D:1      | Redear the Naga Skald began the quest for the Orb.
     0 | D:1      | Reached XP level 1. HP: 19/19 MP: 3/3
    37 | D:1      | Identified a +0 club
   100 | D:1      | HP: 4/19 [giant cockroach (1)]
   102 | D:1      | Reached XP level 2. HP: 3/27 MP: 1/5
   399 | D:1      | Identified a +0 club
   588 | D:1      | Identified a +0 dagger
   884 | D:2      | Reached XP level 3. HP: 24/33 MP: 6/6
   937 | D:2      | Found a hide-covered altar of Uskayaw.
   970 | D:2      | HP: 7/33 [adder (4)]
   971 | D:2      | Identified 2 potions of heal wounds
   975 | D:2      | Reached skill level 3 in Fighting
   975 | D:2      | Reached skill level 3 in Axes
  1131 | D:2      | Identified a +0 short sword
  1250 | D:2      | Reached XP level 4. HP: 29/42 MP: 7/7
  1332 | D:2      | Found a blossoming altar of Fedhas.
  1408 | D:3      | Identified a +0 falchion
  1408 | D:3      | Identified a +0 ring mail
  1409 | D:3      | Identified a +0 dagger
  1409 | D:3      | Identified a +0 robe
  1409 | D:3      | Identified a +0 trident of flaming
  1422 | D:3      | HP: 2/42 [orc priest/divine providence (11)]
  1426 | D:3      | Identified a potion of lignification
  1433 | D:3      | HP: 9/63 [orc priest/divine providence (12)]
  1436 | D:3      | Killed from afar by an orc priest

Table legend:
 A = Turns spent in this place as a percentage of turns spent in the entire game.
 B = Non-inter-level travel turns spent in this place as a percentage of non-inter-level travel turns spent in the entire game.
 C = Inter-level travel turns spent in this place as a percentage of turns spent in this place.
 D = Turns resting spent in this place as a percentage of non-inter-level travel turns spent in this place.
 E = Turns spent auto-exploring this place as a percentage of non-inter-level travel turns spent in this place.
 F = Non-inter-level travel turns spent in this place divided by the number of levels of this place that you've seen.
                   A       B       C       D       E      F
               +-------+-------+-------+-------+-------+----------------------
         Total | 100.0 | 100.0 |   4.9 |  19.0 |  53.9 | 455.0
       Dungeon | 100.0 | 100.0 |   4.9 |  19.0 |  53.9 | 455.0
               +-------+-------+-------+-------+-------+----------------------

Table legend:
 A = Kills in this place as a percentage of kills in entire the game.
 B = Kills by you in this place as a percentage of kills by you in the entire game.
 C = Kills by friends in this place as a percentage of kills by friends in the entire game.
 D = Other kills in this place as a percentage of other kills in the entire game.
 E = Experience gained in this place as a percentage of experience gained in the entire game.
 F = Experience gained in this place divided by the number of levels of this place that you have seen.
                   A       B       C       D       E      F
               +-------+-------+-------+-------+-------+----------------------
         Total | 100.0 | 100.0 |   N/A |   N/A | 100.0 |  33.0
       Dungeon | 100.0 | 100.0 |   N/A |   N/A | 100.0 |  33.0
               +-------+-------+-------+-------+-------+----------------------

Skill      XL: |  1  2  3 |
---------------+----------+-----
Fighting       | 3 |  3.3
Axes           | 3 |  3.3
Armour         | |  0.7
Dodging        | |  1.5
Spellcasting   | |  2.0
Charms         | |  3.0

Action                   |  1- 3 |  4- 6 || total
-------------------------+-------+-------++-------
Melee: Hand axe          |   107 |    41 ||   148
 Cast: Infusion          |     5 |     1 ||     6
  Use: Potion            |     1 |     2 ||     3
  Eat: Chunk             |     1 |       ||     1
Armor: Leather armour    |    38 |     3 ||    41
       Skin              |       |     7 ||     7
Dodge: Dodged            |    80 |    14 ||    94

Vanquished Creatures
  3 adders (D:2)
  An orc (D:3)
  3 ball pythons
  5 bats
  A giant cockroach (D:1)
  3 goblins
  3 hobgoblins (D:2)
  5 jackals (D:2)
  2 quokkas (D:2)
  4 frilled lizards
  2 kobolds
  9 rats
41 creatures vanquished.
